 Dungeon Crawl Stone Soup version 0.27-a0-1434-g6f15984924 (webtiles) character file.

Game seed: 5956705496657011064

69 Brandom the Magician (level 4, -3/32 HPs)
             Began as a Gnoll Wanderer on July 3, 2021.
             Was a Follower of Qazlal.
             Splashed by Ijyb's acid (8 damage)
             ... on level 3 of the Dungeon.
             The game lasted 00:09:21 (2283 turns).

Brandom the Magician (Gnoll Wanderer)               Turns: 2283, Time: 00:09:22

Health: -3/32      AC:  2    Str: 13    XL:     4   Next: 20%
Magic:  16/20      EV: 11    Int: 12    God:    Qazlal [*.....]
Gold:   115        SH:  2    Dex: 10    Spells: 10/13 levels left

rFire    . . .     SeeInvis .   d - +0 short sword
rCold    . . .     Faith    .   (no shield)
rNeg     . . .     Spirit   .   b - +0 robe
rPois    .         Reflect  .   (no helmet)
rElec    .         Harm     .   (no cloak)
rCorr    .         Rampage  .   (no gloves)
Will     .....                  (no boots)
Stlth    +.........             (no amulet)
HPRegen  0.10/turn              f - ring of magical power
MPRegen  0.17/turn              (no ring)

@: no status effects
A: fangs 1, strong nose, distributed training
a: Renounce Religion


You were on level 3 of the Dungeon.
You worshipped Qazlal.
Qazlal was aware of your devotion.
You visited 1 branch of the dungeon, and saw 3 of its levels.

You collected 139 gold pieces.
You spent 24 gold pieces at shops.

Inventory:

Hand Weapons
 a - a +0 club
 d - a +0 short sword (weapon)
   (You took it off a kobold on level 1 of the Dungeon)
Armour
 b - a +0 robe (worn)
 g - a +0 pair of boots
   (You found it on level 2 of the Dungeon)
Jewellery
 f - a ring of magical power (left hand)
   (You found it on level 2 of the Dungeon)
Potions
 c - a potion of curing {@q1}
 e - a potion of haste {@q3}


   Skills:
 + Level 1.0 Fighting
 + Level 1.0 Short Blades
 + Level 1.0 Long Blades
 + Level 1.0 Axes
 + Level 1.0 Maces & Flails
 + Level 1.0 Polearms
 + Level 1.0 Staves
 + Level 1.0 Slings
 + Level 1.0 Bows
 + Level 1.0 Crossbows
 + Level 2.7 Throwing
 + Level 1.0 Armour
 + Level 1.0 Dodging
 + Level 1.0 Stealth
 + Level 1.0 Shields
 + Level 1.0 Unarmed Combat
 + Level 5.0 Spellcasting
 + Level 3.8 Conjurations
 + Level 0.8 Hexes
 + Level 0.8 Summonings
 + Level 3.8 Necromancy
 + Level 0.8 Translocations
 + Level 0.8 Transmutations
 + Level 2.2 Fire Magic
 + Level 2.2 Ice Magic
 + Level 0.8 Air Magic
 + Level 0.8 Earth Magic
 + Level 0.8 Poison Magic
 + Level 1.1 Invocations
 + Level 2.7 Evocations


You had 10 spell levels left.
You knew the following spells:

 Your Spells              Type           Power      Damage    Failure   Level
a - Magic Dart            Conj           48%        1d5       4%          1
b - Call Imp              Summ           5%         N/A       22%         2

Your spell library contained the following spells:

 Spells                   Type           Power      Damage    Failure   Level
 Vampiric Draining        Necr           6%         2d6       12%         3
 Conjure Flame            Conj/Fire      10%        6-21      17%         3
 Blink                    Tloc           N/A        N/A       22%         2
 Slow                     Hex            5%         N/A       22%         2
 Ozocubu's Armour         Ice            8%         N/A       24%         3
 Mephitic Cloud           Conj/Pois/Air  7%         N/A       28%         3
 Confusing Touch          Hex            5%         N/A       38%         3
 Gell's Gravitas          Tloc           2%         N/A       38%         3
 Teleport Other           Tloc           5%         N/A       38%         3
 Metabolic Englaciation   Hex/Ice        3%         N/A       96%         5
 Dispersal                Tloc           2%         N/A       100%        6
 Simulacrum               Ice/Necr       5%         N/A       100%        6


Dungeon Overview and Level Annotations

Branches:
Dungeon (3/15)

Altars:
Cheibriados
Qazlal
Zin

Shops:
D:2 *?(

Annotations:
D:3 Ijyb, Natasha


Innate Abilities, Weirdness & Mutations

You have very sharp teeth.
Your uncanny sense of smell can sniff out nearby items.
Your experience applies equally to all skills.


Message History

A ball python comes into view.
Aim: a ball python (wandering, hasn't noticed you, 100% to hit)
The magic dart hits the ball python.
Aim: a ball python (heavily wounded, 100% to hit)
The magic dart hits the ball python.
You kill the ball python!
Qazlal accepts your kill.
Okay, then.
There is a glowing silver altar of Zin here.
Found a stone staircase leading up.
Found a stone staircase leading down.
A kobold comes into view. It is wielding a +0 dagger.
Aim: a kobold, wielding a +0 dagger (asleep, 100% to hit)
The magic dart hits the kobold.
The kobold shouts!
Okay, then.
Unknown command.
Aim: a kobold, wielding a +0 dagger (severely wounded, 100% to hit)
The magic dart hits the kobold but does no damage.
Ijyb the Twisted Goblin comes into view.
She is wielding a +0 dagger and carrying a wand of acid (10).
Aim: a kobold, wielding a +0 dagger (severely wounded, 100% to hit)
The magic dart hits the kobold.
You kill the kobold!
Qazlal accepts your kill.
Aim: Ijyb, wielding a +0 dagger, wearing a +0 leather armour and carrying a wand of acid (10) (100% to hit)
The magic dart hits Ijyb but does no damage.
Natasha, Servant of Life and Death comes into view.
Natasha hisses angrily.
Found a scroll labelled UNOUWI SUGUUF.
Found a stone staircase leading up.
A kobold comes into view. It is wielding a +0 short sword.
The kobold shouts!
The kobold moves out of view.
Natasha casts a spell at you. The magic dart hits you.
Natasha howls an incantation.
Natasha shimmers violently.
There is a stone staircase leading up here.
Aim: Ijyb, wielding a +0 dagger, wearing a +0 leather armour and carrying a wand of acid (10) (100% to hit)
The magic dart hits Ijyb but does no damage.
Aim: Ijyb, wielding a +0 dagger, wearing a +0 leather armour and carrying a wand of acid (10) (100% to hit)
The magic dart hits Ijyb.
Aim: Ijyb, wielding a +0 dagger, wearing a +0 leather armour and carrying a wand of acid (10) (lightly wounded, 100% to hit)
The magic dart hits Ijyb but does no damage.
Ijyb zaps a wand.
The bolt of acid hits you!!
Ouch! That really hurt!
* * * LOW HITPOINT WARNING * * *
You are splashed with acid!
You die...

#.........# #..#..#.....
##.#####..#####.###......#
#. #..##....# ###..###
..#####.....#### ##..# .
............#########.##
..
..####hg###.......#.....
#...# #######.#.#...
#..##.#.### #.._....
#.....☼@..# ###.#...
#.....○○K.# #.#...
#.........# #.....
#..?......# ######
#.....<.... #...........
#............
#######.##....


You could see Ijyb, Natasha and a kobold.

Vanquished Creatures
  3 adders (D:2)
  An endoplasm (D:1)
  A giant cockroach (D:2)
  3 goblins (D:2)
  2 hobgoblins (D:1)
  6 jackals
  5 kobolds
  3 quokkas (D:1)
  4 ball pythons
  5 bats
  6 rats (D:1)
39 creatures vanquished.

Notes
Turn   | Place    | Note
-------+----------+-------------------------------------------
     0 | D:1      | Brandom the Gnoll Wanderer began the quest for the Orb.
     0 | D:1      | Brandom set off with the following items: a +0 club, a +0
                  | robe; and the following spell memorised: Magic Dart; and
                  | the following spells available to memorise: Conjure Flame,
                  | Blink, Call Imp, Slow, Mephitic Cloud
     0 | D:1      | Reached XP level 1. HP: 13/13 MP: 6/6
   221 | D:1      | Reached XP level 2. HP: 19/19 MP: 5/7
   608 | D:1      | Learned a level 2 spell: Call Imp
   879 | D:1      | Reached XP level 3. HP: 25/25 MP: 7/9
   886 | D:1      | Reached skill level 5 in Spellcasting
   924 | D:1      | Found a faded altar of an unknown god.
   930 | D:1      | Became a worshipper of Qazlal Stormbringer
   930 | D:1      | Reached * piety under Qazlal
   945 | D:1      | You fall into a shaft and drop 1 floor!
   945 | D:2      | Found a snail-covered altar of Cheibriados.
  1096 | D:2      | Reached skill level 1 in Invocations
  1390 | D:2      | Found Zadd's Antique Weapon Emporium.
  1404 | D:2      | Reached skill level 1 in Fighting
  1404 | D:2      | Reached skill level 1 in Short Blades
  1404 | D:2      | Reached skill level 1 in Long Blades
  1404 | D:2      | Reached skill level 1 in Axes
  1404 | D:2      | Reached skill level 1 in Maces & Flails
  1404 | D:2      | Reached skill level 1 in Polearms
  1404 | D:2      | Reached skill level 1 in Staves
  1404 | D:2      | Reached skill level 1 in Slings
  1404 | D:2      | Reached skill level 1 in Bows
  1404 | D:2      | Reached skill level 1 in Crossbows
  1404 | D:2      | Reached skill level 1 in Armour
  1404 | D:2      | Reached skill level 1 in Dodging
  1404 | D:2      | Reached skill level 1 in Stealth
  1404 | D:2      | Reached skill level 1 in Shields
  1404 | D:2      | Reached skill level 1 in Unarmed Combat
  1458 | D:2      | Found Beet's Magic Scroll Shoppe.
  1463 | D:2      | Bought a scroll of identify for 24 gold pieces
  1517 | D:2      | Reached XP level 4. HP: 32/32 MP: 9/11
  1641 | D:2      | Found Taptemm's General Store.
  2219 | D:3      | Found a glowing silver altar of Zin.
  2267 | D:3      | Noticed Ijyb
  2269 | D:3      | Noticed Natasha
  2283 | D:3      | Splashed by Ijyb's acid

Illustrated notes

Levels and vault maps discovered:
D:1:      sevenhm_arrival_forest_fort_small_3, layout_rooms,
          basic_ecumenical_altar
D:2:      layout_loops_corners, basic_altar, serial_shops, shop,
          nicolae_square_shop, shop
D:3:      layout_rooms, lemuel_crystal_altar, st_stairs_8, uniq_robin,
          uniq_natasha, uniq_ijyb

Skill      XL: |  1  2  3 |
---------------+----------+-----
Fire Magic     | 2 |  2.2
Ice Magic      | 2 |  2.2
Spellcasting   | 5 |  5.0
Invocations    | 1 |  1.1
Fighting       | 1 |  1.0
Short Blades   | 1 |  1.0
Long Blades    | 1 |  1.0
Axes           | 1 |  1.0
Maces & Flails | 1 |  1.0
Polearms       | 1 |  1.0
Staves         | 1 |  1.0
Slings         | 1 |  1.0
Bows           | 1 |  1.0
Crossbows      | 1 |  1.0
Armour         | 1 |  1.0
Dodging        | 1 |  1.0
Stealth        | 1 |  1.0
Shields        | 1 |  1.0
Unarmed Combat | 1 |  1.0
Throwing       | |  2.7
Conjurations   | |  3.8
Hexes          | |  0.8
Summonings     | |  0.8
Necromancy     | |  3.8
Translocations | |  0.8
Transmutations | |  0.8
Air Magic      | |  0.8
Earth Magic    | |  0.8
Poison Magic   | |  0.8
Evocations     | |  2.7

Action                   |  1- 3 |  4- 6 || total
-------------------------+-------+-------++-------
Melee: Short sword       |    25 |    13 ||    38
       Bite              |     1 |       ||     1
 Cast: Magic Dart        |    61 |    11 ||    72
  Use: Scroll            |     1 |     1 ||     2
Armor: Robe              |     3 |     3 ||     6
Dodge: Dodged            |    20 |     6 ||    26
Block: Other             |     1 |     1 ||     2

Table legend: (Time is in decaauts)
 A = Elapsed time spent in this place.
 B = Non-inter-level travel time spent in this place.
 C = Inter-level travel time spent in this place.
 D = Time resting spent in this place.
 E = Time spent auto-exploring this place.
 F = Levels seen in this place.
 G = Mean time per level.
                   A        B        C        D        E       F      G
               +--------+--------+--------+--------+--------+-----+--------+
         Total |   2284 |   2254 |     30 |    457 |   1562 |   3 |  761.3 |
       Dungeon |   2284 |   2254 |     30 |    457 |   1562 |   3 |  761.3 |
               +--------+--------+--------+--------+--------+-----+--------+

Top non-repeatable levels by time:
     D:2: 1259 daAuts
     D:1: 946 daAuts
     D:3: 78 daAuts
